 Dungeon Crawl Stone Soup version 0.19-a0-1341-g3513869 (webtiles) character file.

97108 Leszczynek the Bludgeoner (level 16, -44/167 HPs)
             Began as an Ogre Monk on Sept 1, 2016.
             Was the Champion of the Shining One.
             Killed from afar by Mara (illusionary) (58 damage)
             ... with a bolt of fire
             ... on level 3 of the Spider Nest.
             The game lasted 01:40:14 (16598 turns).

Leszczynek the Bludgeoner (Ogre Monk)              Turns: 16598, Time: 01:40:15

Health: -44/167    AC: 11    Str: 20    XL:     16   Next: 18%
Magic:  24/24      EV: 16    Int: 12    God:    the Shining One [******]
Gold:   608        SH: 10    Dex: 14    Spells: 0 memorised, 15 levels left

rFire  . . .     SeeInvis .     b - +4 giant spiked club (holy)
rCold  . . .     Gourm    .     N - +0 troll leather armour
rNeg   + + +     Faith    .     (shield currently unavailable)
rPois  +         Spirit   .     (helmet restricted)
rElec  .         Dismiss  .     n - +1 cloak
rCorr  .         Reflect  .     (gloves unavailable)
MR     +....     Harm     .     (boots unavailable)
Stlth  +.........               m - amulet of rage
                                j - +4 ring of protection
                                X - ring of poison resistance

@: exhausted, divine shield, slowed, glowing, very slow
A: unfitting armour, tough skin 1
a: Divine Shield, Cleansing Flame, Summon Divine Warrior, Renounce Religion,
Evoke Berserk Rage


You were on level 3 of the Spider Nest.
You worshipped the Shining One.
The Shining One was exalted by your worship.
You were hungry.

You visited 5 branches of the dungeon, and saw 28 of its levels.

You collected 2124 gold pieces.
You spent 1516 gold pieces at shops.

Inventory:

Hand Weapons
 a - the +9 great mace of the Queen {crush, rF+ Int+2}
   (You bought it in a shop on level 2 of the Orcish Mines)

   It inflicts extra damage upon your enemies.
   It affects your intelligence (+2).
   It protects you from fire.
 b - a +4 giant spiked club of holy wrath (weapon)
Missiles
 t - 18 javelins
 B - 12 large rocks
 G - 38 tomahawks (quivered)
 T - 2 throwing nets
Armour
 n - a +1 cloak (worn)
 N - a +0 troll leather armour (worn)
Jewellery
 e - an uncursed ring of protection from cold
 j - a +4 ring of protection (right hand)
 m - an amulet of rage (around neck)
 X - a ring of poison resistance (left hand)
Wands
 v - a wand of confusion (31/48)
 w - a wand of acid (5/15)
 y - a wand of heal wounds (9/9)
 z - a wand of slowing (28/48)
 A - a wand of digging (2/24)
 H - a wand of heal wounds (5/9)
 J - a wand of enslavement (15/24)
 K - a wand of acid (8/15)
 P - a wand of digging (13/24)
 R - a wand of disintegration (9/24)
 U - a wand of iceblast (6/15)
Scrolls
 l - 3 scrolls of teleportation
 o - 3 scrolls of fear
 s - 2 scrolls of enchant armour
 D - a scroll of recharging
 O - 2 scrolls of magic mapping
 Y - 2 scrolls of fog
 Z - 2 scrolls of remove curse
Potions
 c - 2 potions of invisibility {unknown}
 f - 4 potions of brilliance
 h - 7 potions of agility
 i - 2 potions of berserk rage
 q - 9 potions of curing
 r - a potion of ambrosia {unknown}
 u - 5 potions of cancellation
 x - 6 potions of might
 C - a potion of cure mutation
 I - a potion of mutation {unknown}
 M - 5 potions of flight
 Q - 2 potions of lignification {unknown}
Miscellaneous
 E - a phantom mirror
 V - a sack of spiders
Comestibles
 d - 10 bread rations
 g - 10 beef jerkies
 p - 2 chunks of flesh
 F - 7 meat rations
 L - a slice of pizza
 S - 9 fruits
 W - 5 royal jellies


   Skills:
 + Level 12.9 Fighting
 - Level 20.0 Maces & Flails
 - Level 9.6 Throwing
 - Level 10.8 Dodging
 - Level 1.5 Stealth
   Level 7.1 Shields
 - Level 11.6 Invocations
 - Level 6.9 Evocations


You had 15 spell levels left.
You didn't know any spells.

Dungeon Overview and Level Annotations

Branches:
Dungeon (15/15)            Temple (0/1) D:4            Lair (6/6) D:11
 Shoals (1/4) Lair:3       Spider (4/4) Lair:4        Slime (0/5) Lair:5
    Orc (2/2) D:10            Elf (0/3) Orc:2        Depths (0/5) D:15
 Vaults: D:13-14

Altars:
Ashenzari
Dithmenos
Fedhas
Gozag
Makhleb
Okawaru
Trog
Uskayaw
Vehumet
Yredelemnul
Zin
The Shining One
Beogh
Jiyva

Shops:
D:9 *   D:13 [   Orc:2 *((*

Portals:
Trove: D:14 (give +7 demon whip)

Annotations:
D:4 1 runed door
Lair:2 bee hive
Lair:5 exclusion: upstairs
Lair:6 fucking frog pond man
Shoals:1 exclusion: Roxanne, Roxanne
Spider:3 Mara


Innate Abilities, Weirdness & Mutations

You are too large for most types of armour.
You have tough skin. (AC +1)


Message History

* * * LOW HITPOINT WARNING * * *
You are confused.
Mara hits you with a demon blade of venom!!
* * * LOW HITPOINT WARNING * * *
Mara struggles to get unstuck from the web.
Mara hits you with a demon blade of venom!
The Shining One protects you from harm!
You are lethally poisoned!
You feel better.
Mara struggles to get unstuck from the web.
The redback bites you.
* * * LOW HITPOINT WARNING * * *
Mara hits you with a demon blade of venom!!
The Shining One protects you from harm!
Unknown command.
Okay, then.
You fail to use your ability.
You block the redback's attack. Mara gestures at you.
The bolt of fire hits you!
You die...

^.## . ..#
..#..##..#
#..#.#..# #
#..#.... #. #.....#
.###..†.####
.y^...#.†s.# ..
.##.###RR@##
###...###.....s#@s#
#.$.# #......R##R.#
.#.# #...#.##.^####
..# .. #####.....#
# ...##..#.# #
#..#.#..# R...RR
#....#..#
R#.#R..##...#...(##
.# ..##..###..##


You could see 3 Maras, a tarantella, a redback and Leszczynek's illusion.

Vanquished Creatures
  Kirke (Lair:6)
  Louise (D:14)
  A stone giant (Orc:2)
  A juggernaut skeleton (D:15)
  An entropy weaver (Spider:1)
  2 spark wasps
  The ghost of inmateoo the Carver, a journeyman DrFi of Okawaru (D:12)
  Snorg (Orc:2)
  Harold (Lair:2)
  5 hydras
  A centaur warrior (D:13)
  2 tengu warriors (D:13)
  A death yak (Lair:5)
  Nergalle (Orc:1)
  7 orc high priests (Orc:2)
  A deep troll (D:11)
  An unseen horror (D:11)
  2 hill giants
  A tengu zombie (D:15)
  Pikel (D:6)
  A necromancer (D:15)
  3 orb spiders
  10 wolf spiders
  An orc knight (Orc:2)
  3 orc sorcerers
  5 deep elf magi
  A hornet (Spider:1)
  4 ugly things
  3 manticores
  A griffon (Lair:6)
  4 elephants (Lair:5)
  A cyclops (D:13)
  Maurice (D:10)
  A moth of wrath (Spider:3)
  A fire giant skeleton (D:15)
  4 black mambas
  2 gargoyles
  A torpor snail (Lair:5)
  5 demonic crawlers
  25 spiny frogs
  A guardian mummy (D:15)
  A redback zombie (D:15)
  2 rime drakes
  6 komodo dragons
  A queen bee (Lair:2)
  4 jumping spiders
  3 meliai (D:14)
  14 trolls
  2 merfolk (Shoals:1)
  2 two-headed ogres
  Prince Ribbit (Lair:1)
  4 giant leeches (Lair:6)
  21 blink frogs
  A snapping turtle (Shoals:1)
  A boulder beetle (Lair:6)
  2 centaur simulacra
  The ghost of Leszczynek the Cudgeler, an amateur OgMo (D:5)
  3 wyverns
  An ettin skeleton (D:15)
  A shadow (D:15)
  25 redbacks
  Sigmund (D:3)
  A redback (shapeshifter) (D:13)
  14 tarantellas
  4 wraiths
  Grum (D:10)
  3 water elementals
  28 yaks
  3 hippogriffs
  7 vampire mosquitoes
  2 basilisks
  2 hungry ghosts
  A mottled dragon (D:14)
  6 wargs
  A soldier ant (D:10)
  16 water moccasins
  5 porcupines
  A meliai simulacrum (D:12)
  A swamp drake (D:10)
  18 orc warriors
  A phantom (D:6)
  4 sky beasts
  2 wasps
  12 ice beasts
  3 eyes of draining (D:14)
  12 ogres
  27 centaurs
  12 wolves
  14 crocodiles
  5 big kobolds
  21 giant frogs
  2 wyvern skeletons
  2 scorpions
  38 killer bees
  6 wights
  3 howler monkeys
  4 crimson imps
  A wasp zombie (D:10)
  A jelly (D:11)
  3 giant frog zombies
  5 hounds
  Crazy Yiuf (D:6)
  A giant frog skeleton (D:9)
  A human zombie (D:4)
  32 orc priests
  19 orc wizards
  4 centaur skeletons
  4 hell rats (Lair:6)
  3 iguanas
  8 worker ants
  2 hound zombies
  A worker ant zombie (D:5)
  75 river rats
  9 adders
  2 shadow imps (D:9)
  A white imp (D:12)
  An ufetubus (D:12)
  An adder zombie (D:7)
  An adder skeleton (D:4)
  A worm (D:5)
  2 dart slugs
  4 giant geckos
  81 orcs
  2 giant cockroaches
  3 goblins
  4 hobgoblins
  4 jackals (D:11)
  25 kobolds
  2 quokkas
  3 bats (D:1)
  2 giant newts
  A jackal skeleton (D:4)
  3 rats
  A plant (D:11)
804 creatures vanquished.

Vanquished Creatures (collateral kills)
  A vampire mage (D:15)
  A skeletal warrior (D:15)
  A torpor snail (Lair:6)
  2 yaks (Lair:6)
  A hog (Lair:6)
  A vampire mosquito (Lair:6)
  3 river rats (Lair:6)
10 creatures vanquished.

Vanquished Creatures (others)
  An ugly thing (D:15)
  3 humans (Lair:6)
  A river rat (Lair:6)
  A giant cockroach (D:6)
  9 fungi
  31 plants
46 creatures vanquished.

Grand Total: 860 creatures vanquished

Notes
Turn   | Place    | Note
-------+----------+-------------------------------------------
     0 | D:1      | Leszczynek the Ogre Monk began the quest for the Orb.
     0 | D:1      | Reached XP level 1. HP: 24/24 MP: 1/1
    37 | D:1      | Found a glowing golden altar of the Shining One.
    42 | D:1      | Became a worshipper of the Shining One
    42 | D:1      | Reached * piety under the Shining One
    42 | D:1      | Reached ** piety under the Shining One
    43 | D:1      | huh
   109 | D:1      | Reached XP level 2. HP: 30/32 MP: 2/2
   245 | D:1      | Reached skill level 5 in Maces & Flails
   605 | D:3      | Reached XP level 3. HP: 31/39 MP: 3/3
   680 | D:3      | Noticed Sigmund
   698 | D:3      | Killed Sigmund
   698 | D:3      | Reached skill level 8 in Maces & Flails
   698 | D:3      | Reached XP level 4. HP: 26/48 MP: 1/4
   698 | D:3      | Reached XP level 5. HP: 30/54 MP: 1/5
   708 | D:3      | wew
   929 | D:4      | Reached XP level 6. HP: 35/62 MP: 6/6
  1013 | D:4      | Found a bloodstained altar of Trog.
  1041 | D:4      | Found a staircase to the Ecumenical Temple.
  1114 | D:4      | Found a runed door.
  1114 | D:4      | Noticed a human
  1118 | D:4      | Found a basalt altar of Yredelemnul.
  1322 | D:5      | Entered Level 5 of the Dungeon
  1358 | D:5      | Reached skill level 9 in Maces & Flails
  1358 | D:5      | Reached skill level 1 in Invocations
  1412 | D:5      | Noticed Leszczynek's ghost (amateur OgMo)
  1434 | D:5      | Killed Leszczynek's ghost
  1434 | D:5      | Reached skill level 5 in Fighting
  1434 | D:5      | Reached skill level 2 in Invocations
  1434 | D:5      | Reached XP level 7. HP: 72/72 MP: 3/9
  1478 | D:5      | Reached skill level 3 in Invocations
  1670 | D:5      | Reached skill level 4 in Invocations
  1775 | D:6      | Reached skill level 6 in Fighting
  1775 | D:6      | Reached skill level 3 in Dodging
  1775 | D:6      | Reached XP level 8. HP: 70/83 MP: 11/11
  1820 | D:6      | Reached skill level 10 in Maces & Flails
  2070 | D:7      | Reached skill level 11 in Maces & Flails
  2070 | D:7      | Reached skill level 4 in Dodging
  2079 | D:6      | Noticed Pikel
  2091 | D:6      | Killed Pikel
  2091 | D:6      | Reached skill level 12 in Maces & Flails
  2091 | D:6      | Reached XP level 9. HP: 58/89 MP: 8/12
  2151 | D:6      | Found a runed door.
  2155 | D:6      | Noticed Crazy Yiuf
  2160 | D:6      | Killed Crazy Yiuf
  2226 | D:7      | Reached skill level 5 in Dodging
  2386 | D:8      | Reached skill level 1 in Throwing
  2496 | D:8      | Found a hide-covered altar of Uskayaw.
  2670 | D:8      | Found a shadowy altar of Dithmenos.
  2727 | D:8      | Reached skill level 2 in Throwing
  2755 | D:8      | Reached skill level 13 in Maces & Flails
  2847 | D:9      | Found Tegae's Assorted Antiques.
  2850 | D:9      | Bought a scroll labeled SOQ NIASOEN for 21 gold pieces
  2850 | D:9      | Bought a scroll of identify for 42 gold pieces
  2850 | D:9      | Bought a scroll labeled LEAQAB GATYMEU for 21 gold pieces
  2850 | D:9      | Bought a scroll labeled TADOHUA XALEH for 21 gold pieces
  2850 | D:9      | Bought a knobbly bronze ring for 105 gold pieces
  2874 | D:9      | Noticed a two-headed ogre
  2884 | D:9      | Killed a two-headed ogre
  2953 | D:9      | Reached skill level 1 in Evocations
  3012 | D:9      | Reached skill level 3 in Throwing
  3149 | D:9      | Found a radiant altar of Vehumet.
  3207 | D:9      | Found an iron altar of Okawaru.
  3208 | D:9      | Found a shattered altar of Ashenzari.
  3214 | D:9      | Found a glowing golden altar of the Shining One.
  3289 | D:10     | Entered Level 10 of the Dungeon
  3296 | D:10     | Noticed an eight-headed hydra
  3310 | D:10     | HP: 3/89 [eight-headed hydra (7)]
  3681 | D:10     | Noticed Maurice
  3687 | D:10     | Killed Maurice
  3687 | D:10     | Reached skill level 14 in Maces & Flails
  3687 | D:10     | Reached skill level 2 in Evocations
  3687 | D:10     | Reached XP level 10. HP: 51/98 MP: 13/13
  3707 | D:10     | Noticed a gargoyle
  3708 | D:11     | Noticed a brown ugly thing
  3708 | D:11     | Reached *** piety under the Shining One
  3717 | D:11     | Killed a brown ugly thing
  3717 | D:11     | Reached skill level 4 in Throwing
  3860 | D:11     | Reached skill level 3 in Evocations
  3915 | D:10     | Noticed Grum
  3919 | D:10     | Killed Grum
  4214 | D:11     | Found a staircase to the Lair.
  4510 | D:12     | Reached skill level 5 in Throwing
  4548 | D:12     | Noticed inmateoo's ghost (journeyman DrFi)
  4604 | D:11     | Noticed an unseen horror
  4614 | D:11     | Killed an unseen horror
  4614 | D:11     | Reached skill level 7 in Fighting
  4614 | D:11     | Reached skill level 15 in Maces & Flails
  4834 | D:11     | Noticed a deep troll
  4860 | D:11     | Reached skill level 6 in Throwing
  4860 | D:11     | Reached skill level 4 in Evocations
  4862 | D:11     | Reached XP level 11. HP: 82/109 MP: 10/14
  4867 | D:11     | Killed a deep troll
  4870 | D:11     | Reached skill level 8 in Fighting
  4926 | D:11     | Reached skill level 7 in Throwing
  5239 | D:12     | Noticed a deep elf mage
  5250 | D:12     | Killed a deep elf mage
  5250 | D:12     | Reached skill level 5 in Evocations
  5269 | D:12     | Noticed a deep elf mage
  5291 | D:12     | Killed a deep elf mage
  5347 | D:13     | Found a glowing silver altar of Zin.
  5485 | Lair:1   | Entered Level 1 of the Lair of Beasts
  5622 | Lair:1   | Reached skill level 6 in Dodging
  5625 | Lair:1   | Reached skill level 8 in Throwing
  5665 | Lair:1   | Noticed Prince Ribbit
  5673 | Lair:1   | Killed Prince Ribbit
  5673 | Lair:1   | Reached skill level 9 in Fighting
  5773 | Lair:1   | Identified a scroll of acquirement
  5774 | Lair:1   | Got a steaming shield
  5880 | Lair:2   | Noticed Harold
  6051 | Lair:2   | Reached XP level 12. HP: 81/124 MP: 15/15
  6101 | Lair:2   | Found a blossoming altar of Fedhas.
  6139 | Lair:3   | Reached skill level 5 in Invocations
  6146 | Lair:3   | Found a staircase to the Shoals.
  6207 | Lair:3   | Reached skill level 10 in Fighting
  6450 | Lair:3   | Noticed an eight-headed hydra
  6462 | Lair:3   | Killed an eight-headed hydra
  6462 | Lair:3   | Reached skill level 16 in Maces & Flails
  6469 | Lair:3   | Reached skill level 6 in Invocations
  6908 | Lair:4   | Found a hole to the Spider Nest.
  6914 | Lair:4   | Reached skill level 11 in Fighting
  7032 | Lair:5   | Found a staircase to the Slime Pits.
  7032 | Lair:5   | Found a viscous altar of Jiyva.
  7100 | Lair:4   | Noticed a death yak
  7101 | Lair:4   | Noticed a death yak
  7102 | Lair:4   | Noticed a death yak
  7103 | Lair:4   | Noticed a death yak
  7103 | Lair:4   | Reached **** piety under the Shining One
  7122 | Lair:5   | Killed a death yak
  7446 | Lair:5   | Reached skill level 7 in Invocations
  7456 | Lair:5   | Reached skill level 17 in Maces & Flails
  7535 | Lair:6   | Entered Level 6 of the Lair of Beasts
  7543 | Lair:6   | Reached XP level 13. HP: 117/137 MP: 18/18
  7677 | Lair:6   | Reached skill level 12 in Fighting
  7684 | Lair:6   | Reached skill level 8 in Invocations
  8131 | Lair:2   | Reached skill level 7 in Dodging
  8254 | D:10     | Reached skill level 18 in Maces & Flails
  8482 | D:10     | Found a staircase to the Orcish Mines.
  8575 | Orc:1    | Entered Level 1 of the Orcish Mines
  8874 | Orc:1    | Noticed Nergalle
  8882 | Orc:1    | Killed Nergalle
  8964 | Orc:2    | Entered Level 2 of the Orcish Mines
  9137 | Orc:2    | Found a staircase to the Elven Halls.
  9274 | Orc:1    | Reached skill level 9 in Invocations
  9438 | Orc:2    | Noticed Snorg
  9454 | Orc:2    | Killed Snorg
  9513 | Orc:2    | Found a burning altar of Makhleb.
  9656 | Orc:2    | Reached ***** piety under the Shining One
  9672 | Orc:2    | Reached skill level 10 in Invocations
  9694 | Orc:2    | Found Ucliexyr's Weapon Shop.
  9694 | Orc:2    | Found Mityaf's Assorted Antiques.
  9714 | Orc:2    | Bought a sharpened bone wand for 96 gold pieces
  9714 | Orc:2    | Bought a scroll labeled GUAMIWK BEPTY for 24 gold pieces
  9714 | Orc:2    | Bought a sapphire ring for 120 gold pieces
  9714 | Orc:2    | Bought a worn bronze wand for 96 gold pieces
  9714 | Orc:2    | Bought a scroll of identify for 48 gold pieces
  9714 | Orc:2    | Bought a scroll of fog for 48 gold pieces
  9814 | Orc:2    | Found a roughly hewn altar of Beogh.
  9894 | Orc:2    | Found Goggicar's Antique Weapon Shoppe.
  9894 | Orc:2    | Found Hynint's Assorted Antiques.
  9899 | Orc:2    | Reached skill level 11 in Invocations
  9915 | Orc:2    | Reached XP level 14. HP: 79/149 MP: 22/22
 10011 | Orc:2    | Noticed a stone giant
 10043 | Orc:2    | Killed a stone giant
 10212 | Orc:2    | Bought the +9 great mace of the Queen {crush, rF+ Int+2} for 874 gold pieces
 10216 | Orc:2    | you know
 10216 | Orc:2    | this is an endgame weapon, pretty much
 10721 | D:12     | Killed inmateoo's ghost
 10723 | D:12     | son of a bitch
 11153 | D:13     | Reached skill level 8 in Dodging
 11179 | D:13     | Found Saloa's Antique Armour Shop.
 11204 | D:13     | randart quicksilver armor, 2k gold
 11204 | D:13     | it's probably shit too
 11349 | D:13     | Reached skill level 6 in Evocations
 11497 | D:13     | Reached skill level 19 in Maces & Flails
 11877 | D:14     | Reached skill level 9 in Throwing
 11926 | D:14     | Noticed Louise
 11936 | D:14     | Killed Louise
 11983 | D:14     | Found a portal to a secret trove of treasure.
 11997 | D:14     | trove: +7 demon whip
 12013 | D:14     | Reached ****** piety under the Shining One
 12037 | D:14     | Identified a +3 giant spiked club of holy wrath (a +1 giant spiked club blessed by the Shining One)
 12037 | D:14     | Received a gift from the Shining One
 12177 | D:15     | Entered Level 15 of the Dungeon
 12277 | D:14     | Found an opulent altar of Gozag.
 12406 | D:15     | a what skeleton
 12553 | D:15     | Reached XP level 15. HP: 117/156 MP: 23/23
 12699 | D:15     | Found a staircase to the Depths.
 12965 | D:13     | Reached skill level 20 in Maces & Flails
 13058 | Lair:2   | Killed Harold
 13112 | Shoals:1 | Entered Level 1 of the Shoals
 13256 | Shoals:1 | Noticed Roxanne
 13324 | Shoals:1 | fucking roxanne i swear to god
 13401 | Spider:1 | Entered Level 1 of the Spider Nest
 13494 | Lair:2   | Got a translucent broad axe {pain}
 13495 | Lair:2   | Identified the +9 broad axe of Tusuj {pain, rElec Int+6} (You took it off Harold on level 2 of the Lair of Beasts)
 13709 | D:9      | Identified the +1 shield "Ibradats" {rN+ Dex+4} (You acquired it on level 1 of the Lair of Beasts)
 13709 | D:9      | ok, so i have a shield
 13709 | D:9      | and a +0 morningstar
 13709 | D:9      | now where do i train shields
 13709 | D:9      | oh right, frog pond
 13930 | Lair:2   | Reached skill level 1 in Shields
 13941 | Lair:2   | You fall through a shaft!
 14320 | Lair:5   | Reached skill level 2 in Shields
 14522 | Lair:6   | Noticed Kirke
 14543 | Lair:6   | Killed Kirke
 14543 | Lair:6   | Reached skill level 3 in Shields
 14621 | Lair:6   | Reached skill level 4 in Shields
 14765 | Lair:6   | Reached skill level 5 in Shields
 14939 | Lair:6   | Reached skill level 6 in Shields
 15380 | Spider:1 | Reached skill level 7 in Shields
 15463 | Spider:1 | Reached skill level 9 in Dodging
 15878 | Spider:1 | Reached skill level 10 in Dodging
 16013 | Spider:2 | Reached XP level 16. HP: 40/166 MP: 24/24
 16179 | Spider:2 | HP: 22/249 [wolf spider (7)]
 16185 | Spider:2 | HP: 9/166 [poisoned by a wolf spider]
 16190 | Spider:2 | HP: 10/166 [poisoned by a wolf spider]
 16195 | Spider:2 | HP: 15/166 [poisoned by a wolf spider]
 16463 | Spider:3 | Noticed Mara
 16472 | Spider:3 | help
 16474 | Spider:4 | Entered Level 4 of the Spider Nest
 16581 | Spider:3 | Noticed Leszczynek's illusion
 16586 | Spider:3 | HP: 10/250 [Leszczynek's illusion[Mara] (38)]
 16592 | Spider:3 | HP: 11/250 [poisoned by Mara]
 16596 | Spider:3 | The Shining One protects you from harm!
 16597 | Spider:3 | HP: 13/167 [redback (3)]
 16597 | Spider:3 | The Shining One protects you from harm!
 16598 | Spider:3 | Killed from afar by Mara (illusionary)

Vault maps used:
D:1:      dpeg_arrival_rhombus, tso_metal_star
D:2:      lemuel_zombie_altar_yredelemnul, grunt_temple_overflow_diamond,
          minmay_divided_ellipse
D:3:      uniq_sigmund
D:4:      minmay_diamond_boxcup, bloody_trog, dk_yredelemnul_ordeal
D:5:      first_bread, minmay_misc_feat_hallway
D:6:      lemuel_slime, uniq_pikel, uniq_crazy_yiuf_cottage
D:7:      kennysheep_mini_moat, grunt_ogre_cave
D:8:      grunt_dithmenos_smoke_and_mirrors, eat_drink_and_be_merry_uskayaw
D:9:      lemuel_crystal_altar, minitemple, serial_shops,
          nicolae_shop_behind_doors
D:10:     erik_orc_1, uniq_maurice, uniq_grum
D:11:     lemuel_troll_bridge, dpeg_oklobed_lair, minmay_misc_feat_doors
D:12:     serial_ice, serial_ice_g, serial_ice_a, serial_ice_e, serial_ice_d,
          serial_ice_c, portal_ice_cave_entry_ice_beasts,
          minmay_misc_feat_four_crosses, hangedman_decor_lopped
D:13:     basic_altar, serial_shops, kennysheep_mini
D:14:     erik_vaults_2, nicolae_gozag_seed_capital,
          nicolae_trove_entry_free_sample, uniq_louise
D:15:     gammafunk_depths_entry_grave, hangedman_decor_growths
Lair:1:   grunt_forest_small_clearing_treed, uniq_prince_ribbit2
Lair:2:   special_room, lemuel_centaur_altar, grunt_megastairs_3, uniq_harold
Lair:3:   elwin_shoals_entry_rocks, grunt_megastairs_4
Lair:4:   spider_nest_entry_a, serial_bayou, serial_bayou_lagoon_b,
          serial_bayou_pond_b, serial_bayou_ford_a, serial_bayou_crossing
Lair:5:   slime_altar_1, nicolae_lair_grove_arrangements, lemuel_fruit_tree
Lair:6:   minmay_lair_end_frog_pond, uniq_kirke
Shoals:1: serial_shops, shop, uniq_roxanne
Spider:1: nicolae_spider_circle_web
Spider:2: spider_trap, uniq_agnes
Spider:3: uniq_mara
Spider:4: grunt_spider_rune_island, spider_trap
Orc:1:    nicolae_orc_accident_1, uniq_nergalle
Orc:2:    st_orc_town, bloody_makhleb, uniq_snorg

Skill      XL: |  1  2  3  4  5  6  7  8  9 10 11 12 13 14 15 |
---------------+----------------------------------------------+-----
Maces & Flails | 5 8 9 12 14 15 17 18 19 20 | 20.0
Invocations    | 2 4 7 11 | 11.6
Fighting       | 5 6 7 9 11 12 | 12.9
Dodging        | 3 4 5 6 7 8 10 | 10.8
Throwing       | 3 6 8 9 |  9.6
Evocations     | 2 4 5 6 |  6.9
Shields        | 7 |  7.1
Stealth        | |  1.5

Action                   |  1- 3 |  4- 6 |  7- 9 | 10-12 | 13-15 | 16-18 || total
-------------------------+-------+-------+-------+-------+-------+-------++-------
Melee: Mace              |    81 |    79 |       |       |       |       ||   160
       Flail             |       |     8 |    32 |       |       |       ||    40
       Giant club        |       |       |   161 |   551 |   504 |       ||  1216
       Great mace        |       |       |       |       |   703 |    50 ||   753
       Morningstar       |       |       |       |       |    86 |       ||    86
       Unarmed           |       |       |       |       |     6 |       ||     6
       Giant spiked club |       |       |       |       |     2 |    14 ||    16
Throw: Javelin           |       |       |     6 |       |       |       ||     6
       Tomahawk          |       |       |       |       |    47 |     3 ||    50
       Large rock        |       |       |       |       |     9 |     1 ||    10
Invok: Divine Shield     |     1 |     1 |     4 |     8 |    20 |     1 ||    35
       Cleansing Flame   |       |       |       |       |     2 |       ||     2
       Brand Weapon With |       |       |       |       |     1 |       ||     1
       Summon Divine War |       |       |       |       |     2 |       ||     2
 Abil: Evoke Berserk Rag |       |     1 |       |       |     1 |       ||     2
Evoke: Wand              |       |       |     2 |     6 |     3 |     2 ||    13
  Use: Scroll            |     3 |     1 |     7 |    16 |    16 |     1 ||    44
       Potion            |     1 |       |     1 |     1 |     1 |     4 ||     8
 Stab: Sleeping          |     1 |       |       |     1 |       |       ||     2
       Distracted        |       |       |       |     1 |       |       ||     1
  Eat: Chunk             |       |     2 |     5 |    16 |    30 |     4 ||    57
       Fruit             |       |       |     2 |       |       |       ||     2
       Royal jelly       |       |       |     1 |       |       |       ||     1
       Pizza             |       |       |       |       |     2 |       ||     2
Armor: Robe              |    14 |    22 |    63 |    30 |       |       ||   129
       Troll leather arm |       |       |       |   104 |   318 |    32 ||   454
Dodge: Dodged            |    37 |    42 |    97 |   310 |   652 |    37 ||  1175
Block: Other             |     3 |       |     7 |    50 |   121 |    11 ||   192
       Shield            |       |       |       |       |    31 |       ||    31
